Map: Prion Terraces

Players

LilDicky

  • Race: Terran Terran
  • League: Diamond

Detractoid - Winner!

  • Race: Zerg Zerg

VOD

http://www.twitch.tv/tumescentpie

Description

Time

  • Played on: Nov. 24, 2015, 6:15 p.m.
  • Length: 12:22
Show
View Real Time Build Order
Export as new Build Order

LilDicky Terran 

Build Orders: Liberator Opening, MMM Bio 

Get SALT Encoding   

  12  0:01  SCV  
  13  0:13  SCV  
  14  0:18  Supply Depot  
  14  0:27  SCV  
  15  0:32  Refinery  
  15  0:39  SCV  
  16  0:46  Barracks  
  16  0:52  SCV  
  17  1:04  SCV  
  18  1:18  SCV  
  20  1:34  Reaper  
  20  1:35  Orbital Command  
  20  1:46  Command Center  
  20  1:55  Supply Depot  
  20  1:59  Refinery  
  20  2:13  Reaper  
  21  2:17  SCV  
  22  2:25  Factory  
  22  2:29  SCV  
  23  2:54  Barracks Reactor  
  23  2:55  SCV  
  23  2:58  Supply Depot  
  24  3:03  Orbital Command  
  24  3:07  SCV  
  24  3:10  Starport  
  24  3:12  Factory Reactor  
  25  3:32  Marine x2  
  25  3:34  SCV x2  
  29  3:46  SCV  
  29  3:47  Liberator x2  
  30  3:50  Hellion x2  
  34  4:01  Barracks  
  34  4:05  SCV  
  34  4:07  Barracks  
  34  4:09  Barracks Tech Lab  
  39  4:26  Hellion x2  
  39  4:27  SCV x2  
  45  4:39  SCV x2  
  45  4:41  Stimpack, Marine  
  48  4:45  Supply Depot  
  48  4:47  Hellion  
  48  4:50  Medivac  
  48  4:51  SCV  
  54  5:02  Barracks Reactor, Barracks Tech Lab, Marine  
  54  5:06  Supply Depot  
  54  5:08  Supply Depot  
  54  5:09  Engineering Bay  
  54  5:10  Engineering Bay  
  54  5:20  Marine  
  55  5:30  Marine  
  55  5:32  SCV  
  55  5:33  SCV  
  58  5:36  Terran Infantry Weapons Level 1  
  58  5:37  Terran Infantry Armor Level 1, Barracks  
  58  5:38  Marine  
  58  5:40  Barracks  
  58  5:41  Marine  
  60  5:43  Marine  
  60  5:47  Marine  
  62  5:51  Combat Shields  
  62  5:55  Marine  
  63  5:59  Marine  
  63  6:01  Marine  
  59  6:05  Marine  
  60  6:13  Widow Mine x2  
  60  6:16  Marine x2  
  65  6:19  Marine  
  65  6:23  Marine  
  65  6:24  Bunker  
  67  6:31  Bunker  
  67  6:33  Marine x2  
  67  6:34  Bunker  
  67  6:35  Marine x2  
  67  6:36  Marine  
  67  6:38  SCV x2  
  72  6:41  Marine  
  72  6:42  Refinery  
  72  6:45  Concussive Shells  
  73  6:52  Supply Depot x2  
  73  6:54  Armory  
  73  6:58  SCV, Refinery, Marine x2  
  76  7:12  Supply Depot  
  76  7:18  Marine x5  
  76  7:19  Marauder  
  76  7:21  SCV x2  
  85  7:25  Medivac  
  85  7:28  Medivac  
  85  7:29  Widow Mine x2  
  91  7:33  SCV  
  94  7:40  SCV  
  95  7:45  SCV  
  96  7:51  Terran Infantry Weapons Level 2  
  96  7:54  Marine x3  
  96  7:55  Marine x3  
  102  8:21  SCV, Medivac x2, Marine x3  
  110  8:32  Supply Depot x2  
  110  8:34  Command Center, Marauder x2, Marine  
  110  8:39  Marine x2  
  117  8:47  Marine  
  118  8:53  Hellion, Medivac, Marine  
  118  8:55  Marine  
  123  8:56  Marauder  
  126  9:14  Marauder  
  116  9:22  Marine x2  
  116  9:23  Marauder  
  111  9:31  Marine x2  
  109  9:35  Marauder  
  109  9:37  Medivac  
  109  9:38  Medivac  
  105  9:40  Marine x2  
  105  9:44  Marauder  
  109  9:48  Marine  
  109  9:49  Marine  
  111  9:56  Marauder  
  111  9:57  Marine  
  111  9:58  Marine  
  115  10:06  Marine x2, Marauder  
  111  10:15  Marine x2  
  111  10:17  SCV  
  111  10:18  Marauder  
  116  10:24  Marine x2  
  116  10:27  Marauder  
  118  10:33  SCV x2  
  118  10:34  Marine x2  
  122  10:39  Marauder  
  122  10:42  Marine  
  125  10:49  Marauder  
  127  10:51  Marine  
  127  10:52  Marine x2  
  130  10:57  SCV  
  130  11:00  Orbital Command, Marine  
  130  11:01  Marauder  
  134  11:09  Marine  
  134  11:10  Marauder  
  134  11:22  Marauder, Marine x3  
  134  11:24  Medivac x2  
  110  11:27  Marine  
  110  11:31  Marauder  
  95  11:39  Widow Mine  
  91  11:40  Marine x3  
  91  11:41  SCV  
  91  11:43  SCV, Marauder  
  91  11:45  Marine  
  99  11:53  Barracks x2, Marauder  
  103  11:54  Barracks  
  103  11:57  Marine x2  
  103  11:58  Marine  
  108  12:02  Marine  
Show
View Real Time Build Order
Export as new Build Order

Detractoid Zerg - Winner!

Build Orders: Hatch First 

Get SALT Encoding   

  12  0:01  Drone  
  13  0:12  Overlord  
  13  0:17  Drone  
  14  0:31  Drone x2  
  14  0:34  Drone  
  17  0:52  Hatchery  
  17  0:56  Drone  
  17  0:59  Drone  
  18  1:07  Drone  
  19  1:12  Extractor  
  18  1:20  Spawning Pool  
  18  1:22  Drone  
  18  1:29  Drone  
  19  1:40  Overlord  
  19  1:55  Drone  
  20  2:06  Queen x2  
  20  2:08  Zergling x2  
  25  2:13  Metabolic Boost  
  24  2:17  Drone  
  24  2:18  Drone  
  24  2:21  Drone  
  27  2:27  Drone  
  28  2:35  Drone x2  
  30  2:39  Overlord  
  30  2:52  Drone x2  
  30  2:55  Drone  
  33  2:59  Queen  
  35  3:11  Drone x2  
  35  3:12  Hatchery  
  36  3:16  Drone x2  
  38  3:20  Drone x2  
  39  3:33  Overlord  
  39  3:38  Evolution Chamber x2  
  39  3:39  Extractor  
  36  3:44  Zergling x6  
  39  3:51  Drone x3  
  39  3:52  Drone x3  
  39  3:55  Extractor  
  44  4:02  Drone x2  
  46  4:04  Zerg Melee Weapons Level 1  
  46  4:15  Drone x2  
  47  4:19  Drone x3  
  47  4:20  Drone  
  47  4:21  Overlord x2  
  51  4:26  Lair  
  51  4:29  Overlord  
  51  4:34  Zerg Ground Armor Level 1  
  51  4:42  Roach Warren  
  51  4:44  Drone  
  51  4:45  Drone, Extractor  
  51  4:47  Drone  
  51  4:49  Drone  
  51  4:51  Drone x2  
  55  4:59  Queen  
  58  5:00  Drone x2  
  58  5:09  Zergling x6  
  58  5:10  Zergling x2  
  63  5:16  Zergling x6  
  66  5:24  Roach  
  66  5:25  Roach  
  66  5:26  Roach x2  
  71  5:36  Overlord x2  
  69  5:45  Ravager x2  
  69  5:46  Ravager x2  
  73  5:53  Spire  
  73  5:55  Hatchery  
  71  6:07  Drone x2  
  71  6:08  Drone x7  
  71  6:09  Drone x3  
  83  6:22  Drone  
  83  6:24  Overseer  
  84  6:26  Overlord x2  
  83  6:44  Zerg Ground Armor Level 2, Zerg Melee Weapons Level 2  
  83  6:48  Roach x2  
  83  6:49  Roach x2  
  83  6:51  Overlord  
  83  6:52  Overlord x4  
  91  7:09  Pneumatized Carapace  
  91  7:11  Extractor  
  91  7:12  Overlord  
  91  7:13  Overlord, Extractor  
  91  7:15  Zerg Flyer Weapons Level 1  
  89  7:17  Drone x4  
  93  7:23  Infestation Pit  
  93  7:27  Corruptor x3  
  98  7:30  Corruptor  
  100  7:46  Corruptor x2  
  100  7:49  Zergling x2  
  100  7:50  Zergling x12  
  111  7:53  Queen  
  113  8:02  Overseer  
  113  8:11  Roach x4  
  113  8:12  Roach x3  
  127  8:16  Hive  
  127  8:20  Hatchery  
  127  8:26  Roach, Zergling x8  
  132  8:42  Overseer  
  132  8:45  Zergling x8  
  132  8:46  Overlord, Zergling x2  
  132  8:47  Overlord x2  
  137  8:53  Hatchery  
  136  8:58  Spine Crawler  
  136  9:00  Zergling x6  
  136  9:01  Spine Crawler  
  137  9:03  Spine Crawler  
  132  9:17  Queen  
  132  9:24  Roach x6  
  139  9:28  Drone x5  
  139  9:29  Drone x3  
  143  9:39  Drone, Ultralisk Cavern  
  143  9:40  Drone x5  
  143  9:43  Overlord  
  147  9:50  Overseer  
  147  9:51  Zergling x6  
  146  10:03  Drone  
  146  10:04  Drone x3  
  146  10:13  Adrenal Glands  
  144  10:17  Baneling Nest  
  144  10:20  Queen  
  145  10:21  Queen  
  147  10:31  Chitinous Plating  
  147  10:32  Corruptor  
  147  10:33  Corruptor x2  
  152  10:46  Ultralisk x2  
  152  10:48  Zergling x6  
  152  10:49  Zergling x2  
  168  11:03  Zergling x10  
  168  11:04  Zergling x2  
  174  11:16  Zergling x4  
  174  11:17  Zergling x6  
  170  11:25  Zergling x10  
  153  11:26  Zergling x4  
  149  11:36  Zergling x8  
  149  11:37  Zergling x14  
  157  11:47  Drone x2  
  157  11:48  Drone x4  
  157  11:50  Extractor  
  157  11:51  Extractor  
  161  11:55  Zergling x4  
  161  11:56  Zergling x8  
  161  11:58  Hatchery  
  166  12:03  Roach  
  166  12:04  Zergling x4  
Tags
 
Add a new tag
Caveats
  • Supply blocks, unpowered buildings, or Contaminate may cause inaccurate times.
  • Supply counts are checked every 10 seconds.